 Dungeon Crawl Stone Soup version 0.25-a0-860-gf695395b5c (webtiles) character file.

Game seed: 16952420258391549893, levelgen mode: deterministic

1 FessEmpty the Ruffian (level 1, 18/18 HPs)
             Began as a Troll Transmuter on Apr 26, 2020.
             Got out of the dungeon alive.
             The game lasted 00:04:35 (57 turns).

FessEmpty the Ruffian (Troll Transmuter)              Turns: 57, Time: 00:04:35

Health: 18/18      AC:  6    Str: 17    XL:     1   Next: 16%
Magic:  1/1        EV: 10    Int:  9    God:
Gold:   8          SH:  0    Dex: 10    Spells: 1/2 levels left

rFire    . . .     SeeInvis .     - Unarmed
rCold    . . .     Gourm    +   (no shield)
rNeg     . . .     Faith    .   b - +0 robe
rPois    .         Spirit   .   (helmet restricted)
rElec    .         Reflect  .   (no cloak)
rCorr    .         Harm     .   (gloves unavailable)
MR       .....                  (boots unavailable)
Stlth    +.........             (no amulet)
HPRegen  0.46/turn              (no ring)
MPRegen  0.07/turn              (no ring)

@: no status effects
A: large, unfitting armour, claws 3, fast metabolism 3, gourmand, regeneration
1, shaggy fur 1, tough skin 3
a: no special abilities


You escaped.
You were not hungry.

You visited 1 branch of the dungeon, and saw 1 of its levels.

You collected 8 gold pieces.

Inventory:

Missiles
 a - 12 arrows
Armour
 b - a +0 robe (worn)
Comestibles
 d - 2 rations


   Skills:
 + Level 0.7 Fighting
 - Level 1.5 Dodging
 + Level 3.0 Unarmed Combat
 - Level 1.2 Spellcasting
 + Level 1.4 Transmutations


You had one spell level left.
You knew the following spells:

 Your Spells              Type           Power        Failure   Level  Hunger
a - Beastly Appendage     Tmut           #.....       21%         1    ##.....

Your spell library contained the following spells:

 Spells                   Type           Power        Failure   Level  Hunger
 Sticks to Snakes         Tmut           #.......     30%         2    ###....
 Spider Form              Tmut/Pois      #.........   63%         3    ####...
 Ice Form                 Ice/Tmut       #.......     95%         4    #####..
 Blade Hands              Tmut           #.........   99%         5    ######.


Dungeon Overview and Level Annotations

Branches:
Dungeon (1/15)

Altars:


Innate Abilities, Weirdness & Mutations

You are too large for most types of armour.
You have claws for hands.
Your metabolism is lightning-fast.
You like to eat raw meat.
Your natural rate of healing is unusually fast.
You are covered in fur. (AC +1)
You have extremely tough skin. (AC +3)


Message History

Welcome, FessEmpty the Troll Transmuter.
It is said that the Orb of Zot exists deep within this dungeon.
Press ? for a list of commands and other information.
Found 8 gold pieces.
Found a staircase leading out of the dungeon.
Why would you want to do that?
There is a fountain of clear blue water here.
You scratch the toadstool.
You destroy the toadstool!
A goblin comes into view. It is wielding a +0 club.
The goblin shouts!
Welcome back, FessEmpty the Troll Transmuter.
Press ? for a list of commands and other information.
You barely miss the goblin. The goblin closely misses you.
You scratch the goblin.
You kill the goblin!
Okay, then.
You now have 8 gold pieces.
There's nothing to open nearby.
Okay, then.
There's nothing to open nearby.
Okay, then.
Welcome back, FessEmpty the Troll Transmuter.
Press ? for a list of commands and other information.
Welcome back, FessEmpty the Troll Transmuter.
Press ? for a list of commands and other information.
(D) Dungeon
Where to? (? - help)
Okay, then.
(D) Dungeon
Where to? (? - help)
Okay, then.
Welcome back, FessEmpty the Troll Transmuter.
Press ? for a list of commands and other information.
There is a staircase leading out of the dungeon here.
Are you sure you want to leave the Dungeon?
This will make you lose the game!
You have escaped!

## #............ ##
....#..........##
##..≈...≈............
#..≈♣≈.≈♣≈.......).#
.≈♣⌠♣≈♣⌠♣≈##.#....#
#≈♣...♣≈##..#....##
#≈...≈............
#≈...≈.#.....#..##
#≈.@.≈....##.# .#
#≈...≈.......#
##≈...≈.......#
##≈P...♣≈#.###.#
#≈P⌠.≈♣⌠♣≈.# ...
##≈P≈.≈♣≈#.# ..#
##≈...≈##.###.#.#
##.............#
#.#...#.#####.#


There were no monsters in sight!

Vanquished Creatures
  A goblin (D:1)
  A toadstool (D:1)
2 creatures vanquished.

Notes
Turn   | Place    | Note
-------+----------+-------------------------------------------
     0 | D:1      | FessEmpty the Troll Transmuter began the quest for the Orb.
     0 | D:1      | Reached XP level 1. HP: 18/18 MP: 1/1
    36 | D:1      | Upgraded the game from 0.25-a0-857-g60a0bcd8b5 to
                  | 0.25-a0-860-gf695395b5c
    57 | D:$      | Got out of the dungeon alive.

Levels and vault maps discovered:
D:1:      ldierk_water_garden, layout_basic

Action                   || total
-------------------------++-------
Melee: Unarmed           ||     3
Dodge: Dodged            ||     1

Table legend:
 A = Non-vault XP
 B = Vault XP
 C = Vault XP percentage of total XP
 D = Non-vault monster count
 E = Vault monster count
 F = Vault count percentage of total count
                 A         B        C        D         E       F
            +---------+---------+-------+---------+---------+-------
      Total |       2 |       0 |   0.0 |       1 |       0 |   0.0
            +---------+---------+-------+---------+---------+-------
        D:1 |       2 |       0 |   0.0 |       1 |       0 |   0.0
            +---------+---------+-------+---------+---------+-------
